 Dungeon Crawl Stone Soup version 0.31-a0-963-ga325b2283a (webtiles) character file.

Game seed: 17177680322770493397

1807364 Flugkiller the Axe Maniac (level 26, 254/274 (279) HPs)
             Began as a Hill Orc Hexslinger on Oct 24, 2023.
             Was a High Priest of Okawaru.
             Escaped with the Orb
             ... and 3 runes!
             The game lasted 01:36:55 (55958 turns).

Flugkiller the Axe Maniac (Hill Orc Hexslinger)    Turns: 55958, Time: 01:36:55

HP:   254/274 (279) AC: 45    Str: 28    XL:     26   Next: 2%
MP:   33/33         EV: 15    Int: 13    God:    Okawaru [*****.]
Gold: 287           SH:  0    Dex: 11    Spells: 25/27 levels left

rFire   + + .        O - +9 executioner's axe (heavy)
rCold   + + .        (shield currently unavailable)
rNeg    + . .        G - +9 scales of the Dragon King {rPois rF+ rC+ Will+}
rPois   +            N - +2 helmet {SInv}
rElec   +            D - scarf {rC+ rF+}
rCorr   .            J - +2 pair of gloves
SInv    +            p - +2 pair of boots "Siycs" {rElec}
Will    ++++.        j - amulet of regeneration Stlth
                     B - +5 ring of evasion
HPRegen 1.45/turn    S - ring of the Giraffatuar {Fly rN+ Str+5}
MPRegen 0.23/turn

%: no passive effects
@: flying, studying 2 skills, lightly drained
A: clumsy 1, strong-willed 2, robust 1
0: Orb of Zot
}: 3/15 runes: barnacled, abyssal, gossamer
a: Renounce Religion, Heroism, Finesse, Duel


You escaped.
You worshipped Okawaru.
Okawaru was extremely pleased with you.
You visited 9 branches of the dungeon, and saw 44 of its levels.
You visited the Abyss 1 time.
You visited 2 bazaars.
You also visited: Ossuary, Gauntlet, Ice Cave, Volcano and Wizlab.

You collected 6824 gold pieces.
You spent 6537 gold pieces at shops.

Inventory:

Hand Weapons
 v - the +2 hand axe of a ziggurat {speed, rElec rC++ Will+ Stlth-}
   (You found it on level 5 of the Realm of Zot)

   rC++:      It greatly protects you from cold.
   rElec:     It insulates you from electricity.
   Will+:     It increases your willpower.
   Stlth-:    It makes you less stealthy.
 O - a +9 heavy executioner's axe (weapon)
   (Okawaru gifted it to you on level 5 of the Lair of Beasts)
Missiles
 c - 13 javelins
 x - 46 silver javelins (quivered)
 E - 3 throwing nets
 R - 10 curare-tipped darts
Armour
 p - the +2 pair of boots "Siycs" (worn) {rElec}
   (Okawaru gifted it to you on level 5 of the Lair of Beasts)

   rElec:     It insulates you from electricity.
 r - the +2 cloak of Adurota {rPois rN+ Str+3}
   (You found it in a wizard's laboratory)

   Str+3:     It affects your strength (+3).
   rPois:     It protects you from poison rN+: It protects you from negative
   energy.
 D - a scarf of resistance (worn)
   (You found it on level 4 of the Spider Nest)
 G - the +9 scales of the Dragon King (worn) {rPois rF+ rC+ Will+}
   (You bought it in a shop on level 14 of the Dungeon)

   rF+:       It protects you from fire.
   rC+:       It protects you from cold.
   rPois:     It protects you from poison Will+: It increases your willpower.
 J - a +2 pair of gloves (worn)
   (You found it on level 1 of the Dungeon)
 N - a +2 helmet of see invisible (worn)
   (You found it on level 4 of the Vaults)
Jewellery
 j - an amulet of regeneration (around neck)
   (You bought it in a shop in a bazaar)
 m - a ring of willpower
   (You found it on level 2 of the Lair of Beasts)
 B - a +5 ring of evasion (left hand)
   (You found it on level 14 of the Dungeon)
 S - the ring of the Giraffatuar (right hand) {Fly rN+ Str+5}
   (You found it in a Gauntlet)

   [ring of positive energy]

   Str+5:     It affects your strength (+5).
   rN+:       It protects you from negative energy.
   Fly:       It grants you flight.
 Z - the ring "Jusod" {rElec rPois Int+6}
   (You took it off a minotaur in a Gauntlet)

   [ring of intelligence]

   Int+6:     It affects your intelligence (+6).
   rElec:     It insulates you from electricity.
   rPois:     It protects you from poison
Talismans
 f - the granite talisman "Yviloan" {Will+}
   (You found it on level 2 of the Depths)

   [granite talisman]

   Will+:     It increases your willpower.
Wands
 b - a wand of mindburst (20)
   (You found it on level 13 of the Dungeon)
 I - a wand of paralysis (14)
   (You found it on level 8 of the Dungeon)
 K - a wand of digging (9)
   (You found it on level 14 of the Dungeon)
 P - a wand of acid (13)
   (You found it on level 10 of the Dungeon)
 W - a wand of roots (33)
   (You found it on level 11 of the Dungeon)
Scrolls
 e - 7 scrolls of fog
 k - 9 scrolls of vulnerability
 l - 3 scrolls of fear
 t - 6 scrolls of teleportation
 z - 3 scrolls of blinking
 A - 2 scrolls of revelation
 F - 3 scrolls of silence
 H - 9 scrolls of poison
 U - 10 scrolls of immolation
Potions
 a - 2 potions of ambrosia
 d - 3 potions of might
 g - 7 potions of enlightenment
 h - a potion of haste
 i - a potion of invisibility
 n - 2 potions of resistance
 o - 6 potions of attraction
 q - 11 potions of curing
 s - 4 potions of cancellation
 u - 5 potions of magic
 w - 2 potions of heal wounds
 C - 5 potions of berserk rage
 L - 5 potions of mutation
Miscellaneous
 M - a lightning rod (4/4)
   (You found it on level 4 of the Shoals)
 Y - a phial of floods
   (You bought it in a shop on level 2 of the Orcish Mines)


   Skills:
 - Level 24.0 Fighting
 O Level 27 Axes
 - Level 4.0 Ranged Weapons
 - Level 22.0 Throwing
 - Level 22.0 Armour
 - Level 8.0 Dodging
 - Level 1.0 Spellcasting
 - Level 3.6 Hexes
 - Level 1.1 Fire Magic
 + Level 14.2 Invocations
 - Level 10.0 Evocations


You had 25 spell levels left.
You knew the following spells:

 Your Spells              Type           Power      Damage    Failure   Level
a - Jinxbite              Hex            20%        N/A       65%         2

Your spell library contained the following spells:

 Spells                   Type           Power      Damage    Failure   Level
 Sigil of Binding         Hex            10%        N/A       87%         3
 Ensorcelled Hibernation  Hex/Ice        10%        N/A       88%         2
 Freeze                   Ice            0%         1d3       95%         1
 Magic Dart               Conj           0%         1d3       95%         1
 Necrotise                Necr           0%         1d4       95%         1
 Sandblast                Erth           0%         2d4       95%         1
 Inner Flame              Hex/Fire       6%         N/A       97%         3
 Blink                    Tloc           0%         N/A       99%         2
 Cigotuvi's Dreadful Rot  Necr/Pois/Air  0%         N/A       99%         2
 Lesser Beckoning         Tloc           0%         N/A       99%         2
 Momentum Strike          Conj/Tloc      0%         3d8       99%         2
 Passwall                 Tmut/Erth      0%         N/A       99%         2
 Static Discharge         Conj/Air       0%         3-3/arc   99%         2
 Sublimation of Blood     Necr           0%         N/A       99%         2
 Wereblood                Tmut           0%         N/A       99%         2
 Cause Fear               Hex            5%         N/A       99%         4
 Frozen Ramparts          Ice            0%         1d1       100%        3
 Gell's Gravitas          Tloc           0%         N/A       100%        3
 Hailstorm                Conj/Ice       0%         3d3       100%        3
 Ignite Poison            Fire/Tmut/Pois 1%         N/A       100%        3
 Mephitic Cloud           Conj/Pois/Air  0%         N/A       100%        3
 Stone Arrow              Conj/Erth      0%         3d7       100%        3
 Swiftness                Air            0%         N/A       100%        3
 Teleport Other           Tloc           0%         N/A       100%        3
 Vampiric Draining        Necr           0%         2d6       100%        3
 Volatile Blastmotes      Fire/Tloc      4%         2d10      100%        3
 Airstrike                Air            0%         2d(0-16)  100%        4
 Brom's Barrelling Bould  Conj/Erth      0%         2d3       100%        4
 Dimensional Bullseye     Hex/Tloc       2%         N/A       100%        4
 Dispel Undead            Necr           0%         3d6       100%        4
 Flame Wave               Conj/Fire      2%         2d4       100%        4
 Iskenderun's Mystic Bla  Conj/Tloc      0%         2d3       100%        4
 Leda's Liquefaction      Hex/Erth       2%         N/A       100%        4
 Manifold Assault         Tloc           0%         N/A       100%        4
 Passage of Golubria      Tloc           0%         N/A       100%        4
 Petrify                  Tmut/Erth      0%         N/A       100%        4
 Sticky Flame             Conj/Fire      2%         2d3       100%        4
 Vhi's Electric Charge    Tloc/Air       0%         N/A       100%        4
 Agony                    Necr           0%         N/A       100%        5
 Alistair's Intoxication  Tmut/Pois      0%         N/A       100%        5
 Borgnjor's Vile Clutch   Necr/Erth      0%         N/A       100%        5
 Irradiate                Conj/Tmut      0%         3d11      100%        5
 Lee's Rapid Deconstruct  Erth           0%         3d4*      100%        5
 Yara's Violent Unravell  Hex/Tmut       2%         3d3       100%        5
 Bombard                  Conj/Erth      0%         9d1       100%        6
 Dispersal                Tloc           0%         N/A       100%        6
 Eringya's Noxious Bog    Tmut/Pois      0%         4d6       100%        6
 Enfeeble                 Hex            5%         N/A       100%        7
 Disjunction              Tloc           0%         N/A       100%        8
 Ignition                 Fire           1%         3d3       100%        8
 Chain Lightning          Conj/Air       0%         N/A       100%        9
 Fire Storm               Conj/Fire      1%         7d1       100%        9
 Shatter                  Erth           0%         3d5*      100%        9
 Tukima's Dance           Hex            Unusable   N/A       N/A         3
 Call Imp                 Summ           Unusable   N/A       N/A         2
 Summon Lightning Spire   Summ/Air       Unusable   N/A       N/A         4
 Death Channel            Necr           Unusable   N/A       N/A         6
 Malign Gateway           Summ/Tloc      Unusable   N/A       N/A         7

Dungeon Overview and Level Annotations

Branches:
Dungeon (15/15)            Temple (1/1) D:7            Lair (5/5) D:8
 Shoals (4/4) Lair:3       Spider (4/4) Lair:3        Slime (0/5) Lair:4
    Orc (2/2) D:12            Elf (0/3) Orc:2        Vaults (4/5) D:14
  Crypt (0/3) Vaults:2     Depths (4/4) D:15            Zot (5/5) Depths:4
Ossuary (visited)           IceCv (visited)         Volcano (visited)
 WizLab (visited)         Gauntlet (visited)

Altars:
Ashenzari
Cheibriados
Dithmenos
Elyvilon
Fedhas
Gozag
Hepliaklqana
Kikubaaqudgha
Makhleb
Nemelex Xobeh
Okawaru
Qazlal
Ru
Sif Muna
Trog
Uskayaw
Vehumet
Wu Jian
Xom
Yredelemnul
Zin
The Shining One

Shops:
D:5 (   D:8 *   D:14 [*[*:   Orc:1 !   Orc:2 (=*[   Shoals:3 [   Vaults:1 (
Depths:1 [   Depths:4 ?!

Portals:
Hell: Depths:1 Depths:2 Depths:3 Depths:4
Abyss: Depths:1 Depths:2 Depths:3
Pandemonium: Depths:2
Ziggurat: Depths:4
Trove: Depths:1 (give +5 demon whip)

Annotations:
D:6 1 runed translucent door, Crazy Yiuf
Lair:2 2 transporters, flestrin's ghost, journeyman TrSh
Lair:3 exclusion: hydra
Orc:1 4 transporters
Vaults:3 2 transporters, Fieg's ghost, veteran HuWn; Heidiaz's ghost, adept MfBe
Zot:3 36 runed doors
Zot:4 1 runed translucent door, jt's ghost, legendary NaCj


Innate Abilities, Weirdness & Mutations

You are clumsy. (Dex -2)
You are highly strong-willed. (Will++)
You are robust. (+10% HP)


Message History

Okawaru accepts your kill.
The large abomination disappears in a puff of smoke! x3
The tentacled monstrosity disappears in a puff of smoke!
The tentacled monstrosity loses its grip on you.
The tentacled monstrosity disappears in a puff of smoke!
Base training target 22.0 for Throwing reached!
Your base Throwing skill increases to level 22!
You need to enable at least one skill for training.
You have reached level 26!
Unknown command.
Your enlightenment fades.
Things that are here:
6 poisoned darts; a +0 dagger You see here a +0 short sword.
A Vuth and a neqoxec come into view.
Press: ? - help, v - describe, . - travel, g - get item
Here: Vuth
Items here: 6 poisoned darts; a +0 leather armour; a +0 club.
The floor.
Vuth moves out of view.
The neqoxec moves out of view.
You feel more confident with your borrowed prowess.
Vuth hits you but does no damage.
You cut Vuth into ribbons!!!!
Vuth is heavily wounded.
Vuth hits you but does no damage. Vuth hits you.
You slash Vuth!
Vuth is severely wounded.
Vuth gestures at you.
The bolt of fire hits you but does no damage.
You chop Vuth into pieces!!!
Vuth is almost dead.
Vuth gestures at you. The bolt of fire misses you.
You hit Vuth.
You kill Vuth!
Okawaru accepts your kill.
You cut the neqoxec into ribbons!!!!
You kill the neqoxec!
Okawaru accepts your kill.
No target in view!
An ancient lich and a red devil come into view.
The red devil is wielding a +0 vampiric demon trident.
The ancient lich moves out of view.
Unknown command.
A lich comes into view.
The lich shouts!
The red devil hits you but does no damage.
Things that are here:
6 poisoned darts; a +0 leather armour; a +0 club A blizzard demon comes into view.
Okay, then.
You feel yourself speed up. The red devil misses you.
Unknown command.
Xegusiche comes into view. It is armed with an antimagic touch.
There is a stone staircase leading up here.
You fly upwards.
There is a stone staircase leading down here.
What level of the Dungeon? (default 1, ? - help)
A hell beast comes into view.
The hell beast bites you but does no damage.
The hell beast tramples you.
You are shoved backwards!
You open the hell beast like a pillowcase!!!!
You kill the hell beast!
Okawaru accepts your kill.
No target in view!
No target in view!
HP restored.
There is a stone staircase leading up here.
You fly upwards.
There is a stone staircase leading down here.
Your extra speed is starting to run out.
A hell beast comes into view.
There is a stone staircase leading up here.
You fly upwards.
There is a stone staircase leading down here.
You feel yourself slow down.
An Orb Guardian comes into view.
There is a stone staircase leading up here.
You fly upwards.
There is a stone staircase leading down here.
There is a stone staircase leading up here.
You fly upwards.
There is a stone staircase leading down here.
There is an open door here.
There is a staircase leading out of the dungeon here.
Unknown command.
You feel extremely strange.
You feel healthier.
You feel clever.
You feel weaker.
You feel strong-willed.
Your thoughts seem clearer.
You occasionally lose the ability to drink potions when taking damage.
You feel extremely strange.
Your thinking seems confused.
You no longer become unable to drink potions after taking damage.
Your magical essence no longer links to wands of the dungeon.
You feel robust.
You feel more strong-willed.
Unknown command.
You start resting.
You feel like a meek peon again.
Enter note: gg You have escaped!

#.###### ####.##### #.
#.....#########.....# #.
###...##.....##.###.# #.
#.≈.##.....##.#.#.# #.
#.≈.##.....##.....######.
#.≈..'.....##..........#.
#.≈.##.....##..#######.#.
#...##.....##...#....#.#.
#...##..@..##............
#.8.##..)..###.##......#.
#...######## #.........#.
##### #####>#.....
###..#.. #.....
########.##..
#............
#........##..


There were no monsters in sight!

Vanquished Creatures
  5 dread liches (Zot:5)
  3 ancient liches
  4 orbs of fire
  Boris (Depths:4)
  Vv (Depths:4)
  4 Killer Klowns (Zot:5)
  5 pandemonium lords
  Xtahua (Vaults:2)
  Saint Roka (Vaults:1)
  A curse toe (Zot:5)
  5 golden dragons
  Nikola (Shoals:2)
  the Enchantress (Depths:3)
  Jory (Depths:3)
  2 bone dragons (Depths:4)
  Arachne (Spider:3)
  4 Tzitzimimeh
  2 doom hounds (Depths:4)
  A Hell Sentinel (Zot:5)
  2 electric golems (Zot:5)
  18 tentacled monstrosities
  Zenata (Vaults:2)
  26 Orb Guardians
  3 titans
  2 liches
  Grunn (Depths:4)
  A walking earthen tome (Depths:3)
  4 quicksilver dragons
  An eldritch tentacle (WizLab)
  2 walking frostbound tomes (Depths:2)
  9 death cobs
  8 sphinxes
  14 storm dragons
  Frances (D:12)
  2 tentacled starspawn
  Kirke (Lair:5)
  6 shadow dragons
  2 tengu reavers (Depths:2)
  Ilsuiw (Shoals:2)
  Donald (Spider:1)
  9 draconian monks
  3 draconian knights
  8 fire giants
  6 frost giants
  An iron dragon (Depths:4)
  6 ghost moths
  6 vault wardens
  12 emperor scorpions
  8 draconian scorchers
  2 draconian shifters
  2 broodmothers
  9 draconian annihilators
  4 spriggan defenders
  3 vampire knights
  3 orc warlords
  2 war gargoyles
  8 very ugly things
  13 stone giants
  4 draconian stormcallers
  13 ironbound preservers
  5 ironbound thunderhulks
  A formless jellyfish (Vaults:2)
  7 green draconians
  8 black draconians
  14 white draconians
  Nessos (Lair:4)
  A putrid mouth (Depths:4)
  2 minotaurs
  11 yellow draconians
  4 dire elephants
  8 spark wasps
  12 red draconians
  11 purple draconians
  Azrael (Spider:3)
  A green death (Gauntlet)
  6 ettins
  8 merfolk impalers
  3 jiangshi (Depths:3)
  8 fire dragons
  2 merfolk javelineers
  7 entropy weavers
  10 yaktaur captains
  A spriggan zombie (Abyss:3)
  4 ice dragons
  Fannar (Lair:1)
  3 vault guards
  5 hydras
  A hell beast (D:5)
  2 rakshasas
  A jorogumo (Spider:4)
  2 ogre magi (D:15)
  2 catoblepae
  11 great orbs of eyes
  Erica (D:8)
  3 peacekeepers
  5 spriggan air magi
  2 alligator snapping turtles
  A salamander tyrant (Depths:4)
  14 centaur warriors
  3 merfolk aquamancers (Shoals:2)
  11 satyrs
  11 ironbound frosthearts
  7 two-headed ogres
  2 tengu warriors
  10 boulder beetles
  9 demonic crawlers
  13 death yaks
  2 hell hogs (Abyss:3)
  2 vampire magi
  A deep troll earth mage (Depths:1)
  2 orc high priests (Orc:2)
  4 spriggan berserkers
  3 occultists
  9 spriggans
  5 thrashing horrors
  2 salamander mystics
  2 deep elf knights (WizLab)
  3 sun demons
  Nergalle (Lair:1)
  6 hell knights
  A fire crab (Lair:3)
  2 shadow wraiths (WizLab)
  2 skysharks
  A skyshark (shapeshifter) (D:15)
  2 sun moths (Spider:1)
  3 sixfirhies
  6 pharaoh ants
  A death drake (shapeshifter) (Depths:4)
  25 deep trolls
  9 lindwurms
  16 sea snakes
  2 glowing orange brains
  2 orange crystal statues (Abyss:3)
  11 orc knights
  2 deep elf pyromancers
  4 arcanists
  A phantasmal warrior (Vaults:3)
  10 orb spiders
  31 harpies
  2 obsidian statues
  12 steelbarb worms
  16 ironbound convokers
  A swamp dragon (shapeshifter) (Depths:2)
  31 wolf spiders
  6 large abominations
  3 necromancers
  31 ugly things
  4 orc sorcerers
  13 manticores
  30 moths of wrath
  A worldbinder (WizLab)
  A human zombie (Vaults:4)
  14 cyclopes
  8 salamanders
  20 fauns
  5 black mambas
  A guardian serpent (shapeshifter) (D:15)
  7 water nymphs
  11 torpor snails
  2 fire giant skeletons (Vaults:4)
  Joseph (D:10)
  8 merfolk sirens
  An ice statue (IceCv)
  17 vault sentinels
  2 rust devils
  A molten gargoyle (Volcano)
  Maggie (D:6)
  5 gargoyles
  6 unseen horrors
  9 cane toads
  A hellion (Depths:2)
  An orange demon (Gauntlet)
  Psyche (D:12)
  A naga skeleton (Abyss:3)
  2 kobold demonologists (D:11)
  Jeremiah (D:7)
  2 efreet
  3 elf skeletons
  6 tengu conjurers
  29 yaktaurs
  3 freezing wraiths
  5 rime drakes
  2 ice devils (Lair:4)
  12 komodo dragons
  An ancient zyme (WizLab)
  2 yaktaur skeletons
  16 polar bears
  2 hellwings
  26 merfolk
  7 meliai
  A polar bear (shapeshifter) (D:14)
  19 hornets
  37 tarantellas
  3 trolls
  5 wind drakes
  4 tyrant leeches (Lair:5)
  A wind drake (shapeshifter) (D:14)
  21 starcursed masses (Abyss:3)
  7 snapping turtles
  19 blink frogs
  3 raiju
  16 dream sheep
  20 culicivoras
  31 slime creatures
  28 jumping spiders
  2 shadows
  An ettin skeleton (Vaults:4)
  An air elemental (WizLab)
  4 wraiths
  3 wyverns
  10 water elementals
  56 yaks
  4 humans (Lair:5)
  A ynoxinul (Abyss:3)
  4 basilisks
  4 fire elementals (Spider:3)
  72 redbacks
  3 spatial vortices
  6 vampire mosquitoes
  6 neqoxecs
  A hog (Lair:5)
  2 steam dragons
  5 chaos spawn
  Menkaure (D:7)
  9 small abominations
  A glowing shapeshifter zombie (Vaults:4)
  Edmund (D:6)
  15 water moccasins
  8 wargs
  An acid dragon (D:11)
  23 hell hounds
  Duvessa (D:5)
  33 orc warriors
  A meliai simulacrum (D:14)
  An ogre skeleton (Vaults:2)
  8 ice beasts
  3 sky beasts
  18 black bears
  An ettin simulacrum (Vaults:4)
  17 ogres
  27 wolves
  A boggart (WizLab)
  18 centaurs
  A phantom (D:6)
  5 kobold brigands
  5 bullfrogs
  An earth elemental (WizLab)
  A gnoll sergeant (D:9)
  31 scorpions
  A glowing shapeshifter simulacrum (Vaults:2)
  8 wights
  2 water moccasin zombies (Ossuary)
  Dowan (D:5)
  3 killer bees (Lair:3)
  7 howler monkeys
  2 electric eels
  4 lava snakes (Volcano)
  8 jellies
  4 hounds
  10 orc priests
  3 gnoll boudas (D:11)
  5 iguanas
  A sleepcap (D:6)
  15 orc wizards
  3 scorpion zombies (D:7)
  7 hell rats (Lair:3)
  2 killer bee zombies (D:7)
  2 mummies (Ossuary)
  16 gnolls
  6 adders
  A shadow imp (D:6)
  3 white imps
  An ufetubus (D:4)
  5 adder zombies (Ossuary)
  A worm (D:2)
  5 dart slugs
  56 orcs
  18 endoplasms
  6 giant cockroaches
  3 goblins (D:2)
  2 hobgoblins
  17 kobolds
  2 quokkas
  6 ball pythons
  2 bats
  5 frilled lizards (D:1)
  A gnoll zombie (Ossuary)
  4 hobgoblin zombies (Ossuary)
  4 kobold zombies (Ossuary)
  4 orc zombies (Ossuary)
  4 rats
  A lurking horror (WizLab)
  2 starspawn tentacles
1989 creatures vanquished.

Vanquished Creatures (collateral kills)
  A scorpion (D:5)
  An iguana (D:5)
  A white imp (D:5)
3 creatures vanquished.

Vanquished Creatures (others)
  An ancient lich (Zot:5)
  A vampire knight (Depths:2)
  A vault sentinel (Vaults:1)
  An orc warrior (Vaults:1)
  An orc wizard (D:8)
  2 starspawn tentacles
7 creatures vanquished.

Grand Total: 1999 creatures vanquished

Notes
Turn   | Place    | Note
-------+----------+-------------------------------------------
     0 | D:1      | Flugkiller the Hill Orc Hexslinger began the quest for the
                  | Orb.
     0 | D:1      | Reached XP level 1. HP: 16/16 MP: 2/2
   145 | D:1      | Reached XP level 2. HP: 25/25 MP: 3/3
   389 | D:1      | Reached XP level 3. HP: 31/31 MP: 4/4
   628 | D:2      | Reached XP level 4. HP: 36/41 MP: 5/5
  1178 | D:3      | Reached skill level 5 in Fighting
  1269 | D:3      | Learned a level 2 spell: Jinxbite
  1349 | D:3      | Reached XP level 5. HP: 47/48 MP: 3/6
  1509 | D:4      | Noticed a black bear
  1819 | D:3      | Killed a black bear
  1893 | D:4      | Found a shimmering blue altar of Sif Muna.
  1915 | D:4      | Reached XP level 6. HP: 56/56 MP: 7/7
  1922 | D:4      | You fall into a shaft and drop 1 floor!
  1922 | D:5      | Entered Level 5 of the Dungeon
  1938 | D:5      | Found Jostroips's Antique Weapon Shop.
  2107 | D:5      | Noticed Duvessa
  2297 | D:4      | Found a glowing golden altar of the Shining One.
  2835 | D:5      | Noticed a black bear
  2843 | D:5      | Gained mutation: Your body sometimes deteriorates upon
                  | taking damage. [potion of mutation]
  2843 | D:5      | Gained mutation: You are dopey. (Int -2) [potion of
                  | mutation]
  2844 | D:5      | Lost mutation: Your body sometimes deteriorates upon taking
                  | damage. [potion of mutation]
  2844 | D:5      | Lost mutation: You are dopey. (Int -2) [potion of mutation]
  2844 | D:5      | Gained mutation: Your magical capacity is low. (-10% MP)
                  | [potion of mutation]
  2844 | D:5      | Gained mutation: You have a somewhat thin skeletal
                  | structure. (Dex +2, Stealth+) [potion of mutation]
  2863 | D:4      | Killed a black bear
  2864 | D:4      | Reached skill level 2 in Axes
  2864 | D:4      | Reached XP level 7. HP: 55/63 MP: 4/7
  2943 | D:5      | Reached skill level 4 in Axes
  2957 | D:5      | Noticed Dowan
  2960 | D:5      | Reached skill level 5 in Axes
  3583 | D:5      | Reached skill level 6 in Axes
  3583 | D:5      | Reached skill level 1 in Armour
  3669 | D:5      | Killed Duvessa
  3670 | D:5      | Reached XP level 8. HP: 70/70 MP: 5/8
  3739 | D:5      | Killed Dowan
  4064 | D:5      | Bought a slimy war axe for 263 gold pieces
  4064 | D:5      | Identified the +7 war axe "Nunkemaz" {freeze, Dex+3} (You
                  | bought it in a shop on level 5 of the Dungeon)
  4203 | D:6      | Noticed Maggie
  4215 | D:6      | Killed Maggie
  4216 | D:6      | Reached skill level 7 in Axes
  4418 | D:6      | Reached skill level 8 in Axes
  4459 | D:6      | Reached XP level 9. HP: 76/81 MP: 9/9
  4484 | D:6      | Noticed Edmund
  4487 | D:6      | Reached skill level 9 in Axes
  4498 | D:6      | Killed Edmund
  4506 | D:6      | Reached skill level 10 in Axes
  4720 | D:6      | Found a runed translucent door.
  4721 | D:6      | Noticed Crazy Yiuf
  4973 | D:6      | Found a shimmering altar of Xom.
  5106 | D:7      | Noticed Menkaure
  5124 | D:7      | Killed Menkaure
  5188 | D:7      | Found an ornate altar of the Wu Jian Council.
  5188 | D:7      | Found a white marble altar of Elyvilon.
  5222 | D:7      | Found a sand-covered staircase.
  5314 | Ossuary  | Entered an ossuary
  5340 | Ossuary  | Reached skill level 5 in Armour
  5523 | D:7      | Noticed Jeremiah
  5826 | D:7      | Killed Jeremiah
  6067 | D:7      | Found a shadowy altar of Dithmenos.
  6113 | D:7      | Found a staircase to the Ecumenical Temple.
  6178 | Temple   | Entered the Ecumenical Temple
  6191 | Temple   | Became a worshipper of Warmaster Okawaru
  6563 | D:7      | Found a glowing silver altar of Zin.
  6675 | D:7      | Identified a scroll of acquirement
  6725 | D:8      | Reached XP level 10. HP: 80/91 MP: 10/10
  6918 | D:8      | Reached skill level 10 in Fighting
  6935 | D:8      | Found a staircase to the Lair.
  6956 | D:8      | Reached * piety under Okawaru
  6957 | D:8      | Reached skill level 11 in Axes
  7041 | D:8      | Reached skill level 12 in Axes
  7173 | D:8      | Found Ubbiliuli's General Store.
  7248 | D:8      | Bought a scroll of fear for 52 gold pieces
  7248 | D:8      | Bought a +0 helmet for 58 gold pieces
  7282 | D:8      | Noticed Erica
  7558 | D:8      | Killed Erica
  7558 | D:8      | Reached ** piety under Okawaru
  7610 | D:8      | Reached skill level 13 in Axes
  7927 | D:9      | Reached skill level 14 in Axes
  7934 | D:9      | Reached XP level 11. HP: 86/99 MP: 11/11
  7938 | D:9      | Reached *** piety under Okawaru
  7956 | D:9      | Paralysed by a hornet for 1 turns
  7963 | D:9      | Reached skill level 1 in Invocations
  8099 | D:9      | Found a sparkling altar of Nemelex Xobeh.
  8439 | D:9      | Reached skill level 15 in Axes
  8539 | D:10     | Entered Level 10 of the Dungeon
  8621 | D:10     | Found a blossoming altar of Fedhas.
  8651 | D:10     | Identified the +2 arbalest of the Grinning Visionary {elec,
                  | rF+ rC+ Dex-5}
  8666 | D:10     | Noticed a two-headed ogre
  8669 | D:10     | Noticed Joseph
  8677 | D:10     | Killed a two-headed ogre
  8678 | D:10     | Reached skill level 5 in Invocations
  8788 | D:10     | Noticed a two-headed ogre
  8793 | D:10     | Killed Joseph
  8793 | D:10     | Reached **** piety under Okawaru
  8798 | D:10     | Killed a two-headed ogre
  9070 | D:10     | Identified the +1 robe "Raqauf Wio" {Regen+ Stlth+}
  9521 | D:11     | Noticed a sun demon
  9525 | D:11     | Reached skill level 16 in Axes
  9631 | D:11     | Identified the +5 ring mail of Grace {rC+ MP+9 Int+2}
  9694 | D:11     | Noticed a boulder beetle
  9706 | D:11     | Killed a boulder beetle
  9918 | D:11     | Reached ***** piety under Okawaru
 10167 | D:11     | Received a gift from Okawaru
 10469 | D:11     | Reached skill level 10 in Invocations
 10507 | D:11     | Reached XP level 12. HP: 104/106 MP: 17/17
 10875 | Lair:1   | Entered Level 1 of the Lair of Beasts
 11117 | Lair:1   | Reached skill level 17 in Axes
 11240 | Lair:1   | Noticed Fannar
 11283 | Lair:1   | Killed Fannar
 11328 | Lair:1   | Noticed a catoblepas
 11347 | Lair:1   | Killed a catoblepas
 11564 | Lair:1   | Noticed Nergalle
 11583 | Lair:1   | Killed Nergalle
 11584 | Lair:1   | Reached skill level 18 in Axes
 11585 | Lair:1   | Received a gift from Okawaru
 11743 | Lair:1   | Reached skill level 19 in Axes
 11999 | Lair:2   | Noticed an eight-headed hydra
 11999 | Lair:2   | Noticed a boulder beetle
 12037 | Lair:2   | Killed a boulder beetle
 12040 | Lair:2   | Killed a 16-headed hydra
 12161 | Lair:2   | Noticed flestrin's ghost (journeyman TrSh)
 12262 | Lair:2   | Received a gift from Okawaru
 12349 | Lair:2   | Reached skill level 20 in Axes
 12391 | Lair:2   | Found a transporter.
 12395 | Lair:2   | Found a transporter.
 12410 | Lair:2   | Reached XP level 13. HP: 95/113 MP: 18/18
 12439 | Lair:2   | Identified the +7 quarterstaff "Leow Hepio" {heavy, rC+}
 12492 | Lair:2   | Identified the +11 long sword of the Blushing Pill Bug
                  | {flame, Will+ Int+3 Dex-5}
 12991 | Lair:3   | Received a gift from Okawaru
 13402 | Lair:3   | Found a hole to the Spider Nest.
 13621 | Lair:3   | Reached skill level 5 in Dodging
 13979 | Lair:3   | Found a staircase to the Shoals.
 14330 | Lair:4   | Found a frozen archway.
 14350 | IceCv    | Entered an ice cave
 14457 | IceCv    | Received a gift from Okawaru
 14617 | IceCv    | Reached skill level 10 in Armour
 14617 | IceCv    | Reached XP level 14. HP: 90/126 MP: 19/19
 14634 | IceCv    | Identified the ring "Baim" {rN+ Str+2 Stlth+}
 14641 | IceCv    | Identified the +8 hand axe of Xystrah {holy, rF+++ Str-4}
 14705 | Lair:4   | Found a dark tunnel.
 14712 | Volcano  | Entered a volcano
 14769 | Volcano  | Found a radiant altar of Vehumet.
 15119 | Lair:4   | Found a staircase to the Slime Pits.
 15350 | Lair:4   | Noticed Nessos
 15368 | Lair:4   | Killed Nessos
 15768 | Lair:5   | Entered Level 5 of the Lair of Beasts
 15793 | Lair:5   | Received a gift from Okawaru
 16059 | Lair:5   | Reached skill level 1 in Throwing
 16150 | Lair:5   | Received a gift from Okawaru
 16388 | Lair:5   | Noticed Kirke
 16411 | Lair:5   | Killed Kirke
 16490 | Lair:5   | Reached ****** piety under Okawaru
 16498 | Lair:5   | Acquired the +2 pair of boots "Siycs" {rElec}
 16498 | Lair:5   | Received a gift from Okawaru
 16701 | Lair:5   | Reached skill level 5 in Throwing
 16717 | Lair:5   | Received a gift from Okawaru
 16751 | Lair:5   | Reached XP level 15. HP: 100/138 MP: 20/20
 17154 | Lair:5   | Identified the +3 orcbow of Checks and Balances {freeze,
                  | rElec rPois rCorr SInv}
 17442 | Lair:5   | Found a runed translucent door.
 17645 | Lair:5   | Acquired a +1 heavy executioner's axe
 17645 | Lair:5   | Received a gift from Okawaru
 18244 | D:12     | Found a staircase to the Orcish Mines.
 18325 | D:12     | Received a gift from Okawaru
 18767 | D:12     | Noticed Psyche
 18773 | D:12     | Killed Psyche
 18934 | D:12     | Noticed Frances
 18956 | D:12     | Killed Frances
 19179 | Orc:1    | Entered Level 1 of the Orcish Mines
 19247 | Orc:2    | Entered Level 2 of the Orcish Mines
 19259 | Orc:2    | Found a staircase to the Elven Halls.
 19431 | Orc:2    | Found Ziko's Jewellery Shoppe.
 19463 | Orc:2    | Received a gift from Okawaru
 19675 | Orc:2    | Found Uxzad's General Store.
 19688 | Orc:2    | Reached skill level 10 in Throwing
 19916 | Orc:2    | Found Mayreuvoy's Antique Weapon Emporium.
 19926 | Orc:2    | Noticed an orc warlord
 19984 | Orc:2    | Killed an orc warlord
 20307 | Orc:2    | Found Niuwich's Antique Armour Shoppe.
 20538 | Orc:2    | Bought a scroll of enchant armour for 97 gold pieces
 20538 | Orc:2    | Bought a potion of mutation for 104 gold pieces
 20538 | Orc:2    | Bought a phial of floods for 520 gold pieces
 20557 | Orc:2    | Bought a glowing plate armour for 962 gold pieces
 20574 | Orc:2    | Acquired 557 gold pieces
 20750 | Orc:1    | Found Hosuacs's Distillery.
 20753 | Orc:1    | Bought 2 potions of heal wounds for 150 gold pieces
 20753 | Orc:1    | Bought a potion of resistance for 150 gold pieces
 20753 | Orc:1    | Bought a potion of haste for 150 gold pieces
 20753 | Orc:1    | Bought a potion of heal wounds for 75 gold pieces
 20753 | Orc:1    | Bought a potion of heal wounds for 75 gold pieces
 20753 | Orc:1    | Bought a potion of cancellation for 120 gold pieces
 20859 | Orc:1    | Bought a potion of invisibility for 120 gold pieces
 20951 | Orc:1    | Found an ornate altar of the Wu Jian Council.
 20952 | Orc:1    | Found a transporter.
 20985 | Orc:1    | Found a transporter.
 20992 | Orc:1    | Found a transporter.
 21012 | Orc:1    | Found a transporter.
 21013 | Orc:1    | Found an ornate altar of the Wu Jian Council.
 21013 | Orc:1    | Noticed an orc warlord
 21213 | D:13     | Reached skill level 1 in Evocations
 21920 | D:14     | Received a gift from Okawaru
 21979 | D:14     | Found a transporter.
 21979 | D:14     | Found Baifazeh's Armour Shop.
 22037 | D:14     | Found a transporter.
 22252 | D:14     | Reached skill level 5 in Evocations
 22261 | D:14     | Found a gate to the Vaults.
 22263 | D:14     | Reached XP level 16. HP: 146/146 MP: 21/21
 22582 | D:14     | Found Wemeypoa's Book Shoppe.
 22736 | D:14     | Found Piegieji's General Store.
 22786 | D:14     | Found Zetu's Antique Armour Boutique.
 22822 | D:14     | Found Feusch's Assorted Antiques.
 22970 | D:15     | Entered Level 15 of the Dungeon
 23287 | D:15     | Received a gift from Okawaru
 23380 | D:15     | Found a gate leading to a gauntlet.
 23389 | Gauntlet | Entered a Gauntlet
 23389 | Gauntlet | Found a transporter.
 23489 | Gauntlet | Found a transporter.
 23505 | Gauntlet | Found a transporter.
 23509 | Gauntlet | Found a transporter.
 23528 | Gauntlet | Found a transporter.
 23541 | Gauntlet | Found a transporter.
 23549 | Gauntlet | Found a transporter.
 23550 | Gauntlet | Found a transporter.
 23569 | Gauntlet | Found a large runed translucent door.
 23569 | Gauntlet | Found a large runed translucent door.
 23570 | Gauntlet | Found a large runed translucent door.
 23571 | Gauntlet | Found a large runed translucent door.
 23572 | Gauntlet | Found a runed translucent gate.
 23573 | Gauntlet | Found a transporter.
 23573 | Gauntlet | Found a runed translucent gate.
 23574 | Gauntlet | Found a runed translucent gate.
 23576 | Gauntlet | Found a large runed translucent door.
 23577 | Gauntlet | Found a large runed translucent door.
 23584 | Gauntlet | Found a large runed translucent door.
 23585 | Gauntlet | Found a large runed translucent door.
 23585 | Gauntlet | Found a large runed translucent door.
 23586 | Gauntlet | Found a large runed translucent door.
 23586 | Gauntlet | Found a large runed translucent door.
 23586 | Gauntlet | Found a runed translucent door.
 23586 | Gauntlet | Found a runed translucent door.
 23587 | Gauntlet | Found a large runed translucent door.
 23588 | Gauntlet | Found a large runed translucent door.
 23590 | Gauntlet | Found a transporter.
 23594 | Gauntlet | Found a transporter.
 23597 | Gauntlet | Found a large runed translucent door.
 23597 | Gauntlet | Found a large runed translucent door.
 23603 | Gauntlet | Found a transporter.
 23677 | Gauntlet | Identified the ring of the Giraffatuar {Fly rN+ Str+5}
 23705 | Gauntlet | Identified the +1 cloak "Saucves" {Str+3}
 23725 | Gauntlet | Identified the ring "Jusod" {rElec rPois Int+6}
 23903 | Gauntlet | Identified the +3 morningstar "Qieph" {vamp, rElec}
 23979 | D:15     | Reached skill level 15 in Fighting
 24449 | D:15     | Reached skill level 21 in Axes
 24486 | D:15     | Found a staircase to the Depths.
 24721 | Abyss:3  | Cast into level 3 of the Abyss (an occultist)
 24748 | Abyss:3  | Noticed a tentacled starspawn
 24763 | Abyss:3  | Killed a tentacled starspawn
 24763 | Abyss:3  | Received a gift from Okawaru
 24799 | Abyss:3  | Gained mutation: Your spells are a little easier to cast,
                  | but a little less powerful. [a neqoxec]
 24801 | Abyss:3  | Gained mutation: You are occasionally teleported next to
                  | monsters. [a neqoxec]
 24803 | Abyss:3  | Gained mutation: Your magical capacity is very low. (-20%
                  | MP) [a neqoxec]
 24813 | Abyss:3  | Paralysed by accursed screaming for 2 turns
 24824 | Abyss:3  | Noticed a tentacled starspawn
 24827 | Abyss:3  | Paralysed by accursed screaming for 1 turns
 24834 | Abyss:3  | Paralysed by accursed screaming for 2 turns
 24858 | Abyss:3  | Noticed a tentacled starspawn
 24860 | Abyss:3  | Noticed a tentacled starspawn
 24884 | Abyss:3  | Got an abyssal rune of Zot
 25044 | D:15     | Escaped the Abyss
 25058 | D:15     | Lost mutation: You have a somewhat thin skeletal structure.
                  | (Dex +2, Stealth+) [potion of mutation]
 25058 | D:15     | Lost mutation: You are occasionally teleported next to
                  | monsters. [potion of mutation]
 25058 | D:15     | Lost mutation: Your magical capacity is very low. (-20% MP)
                  | [potion of mutation]
 25058 | D:15     | Gained mutation: Your muscles are strong. (Str +4, Int/Dex
                  | -1) [potion of mutation]
 25058 | D:15     | Gained mutation: You are dopey. (Int -2) [potion of
                  | mutation]
 25276 | D:15     | Reached skill level 22 in Axes
 25468 | Spider:1 | Entered Level 1 of the Spider Nest
 25532 | Spider:1 | Received a gift from Okawaru
 25607 | Spider:1 | Reached XP level 17. HP: 135/158 MP: 22/22
 26187 | Spider:1 | Reached skill level 23 in Axes
 26568 | Spider:1 | Noticed Donald
 26576 | Spider:1 | Killed Donald
 27322 | Spider:2 | Received a gift from Okawaru
 27327 | Spider:2 | Reached skill level 24 in Axes
 28275 | Spider:2 | Received a gift from Okawaru
 28711 | Spider:3 | Received a gift from Okawaru
 28868 | Spider:3 | Reached XP level 18. HP: 158/168 MP: 23/23
 29046 | Spider:3 | Noticed Azrael
 29082 | Spider:3 | Killed Azrael
 29164 | Spider:3 | Noticed Arachne
 29178 | Spider:3 | Killed Arachne
 29530 | Spider:3 | Received a gift from Okawaru
 29727 | Spider:4 | Entered Level 4 of the Spider Nest
 30656 | Spider:4 | Received a gift from Okawaru
 31868 | Spider:4 | Got a gossamer rune of Zot
 31888 | Spider:4 | Identified the +1 pair of gloves of Nacisis {-Tele rPois
                  | Regen+ Int+7}
 32104 | Shoals:1 | Entered Level 1 of the Shoals
 32304 | Shoals:1 | Received a gift from Okawaru
 33014 | Shoals:2 | Noticed Nikola
 33034 | Shoals:2 | Killed Nikola
 33288 | Shoals:2 | Reached XP level 19. HP: 104/179 MP: 26/26
 33565 | Shoals:2 | Noticed Ilsuiw
 33967 | Shoals:2 | Killed Ilsuiw
 34820 | Shoals:3 | Found Jickell's Armour Shop.
 34859 | Shoals:3 | Received a gift from Okawaru
 36048 | Shoals:4 | Entered Level 4 of the Shoals
 36243 | Shoals:4 | Received a gift from Okawaru
 36748 | Shoals:4 | Identified the amulet of Wuivoiti {Spirit Int+2}
 37285 | Shoals:4 | Paralysed by a sphinx for 2 turns
 37293 | Shoals:4 | Reached XP level 20. HP: 77/193 MP: 27/27
 37577 | Shoals:4 | Found the +5 moon troll leather armour {Spirit, Regen++
                  | MP+5}
 37731 | Shoals:4 | Paralysed by a sphinx for 2 turns
 37753 | Shoals:4 | Got a barnacled rune of Zot
 38129 | Vaults:1 | Entered Level 1 of the Vaults
 38796 | Vaults:1 | Received a gift from Okawaru
 39191 | Vaults:1 | Found Lykinlin's Weapon Shop.
 39222 | Vaults:1 | Noticed Saint Roka
 39237 | Vaults:1 | Reached skill level 15 in Armour
 39244 | Vaults:1 | Killed Saint Roka
 39604 | Vaults:1 | You are sucked into a shaft and drop 1 floor!
 39604 | WizLab   | Identified the "Peffantu"
 39604 | WizLab   | Identified the "Mifuteh"
 39626 | Vaults:2 | Noticed Zenata
 39640 | Vaults:2 | Killed Zenata
 39780 | Vaults:2 | Received a gift from Okawaru
 39792 | Vaults:2 | Noticed Xtahua
 39806 | Vaults:2 | Killed Xtahua
 39846 | Vaults:2 | Found a magical portal.
 39859 | WizLab   | Entered The Roulette of Golubria
 39859 | WizLab   | Found a transporter.
 39977 | WizLab   | Found a corrupted altar of Lugonu.
 40006 | WizLab   | Found a transporter.
 40011 | WizLab   | Found a transporter.
 40035 | WizLab   | Found a transporter.
 40069 | WizLab   | Found a transporter.
 40192 | WizLab   | Found a corrupted altar of Lugonu.
 40196 | WizLab   | Found a transporter.
 40227 | WizLab   | Found a transporter.
 40298 | WizLab   | Found a transporter.
 40330 | WizLab   | Found a transporter.
 40333 | WizLab   | Found a transporter.
 40441 | WizLab   | Found a transporter.
 40492 | WizLab   | Found a transporter.
 40676 | WizLab   | Found a transporter.
 40678 | WizLab   | Paralysed by an air elemental for 1 turns
 40701 | WizLab   | Found a transporter.
 40720 | WizLab   | Found a transporter.
 40720 | WizLab   | Identified the +3 cloak of the Wereyak {-Tele Rampage Fly}
 40728 | WizLab   | Identified the +0 cloak "Notixt" {rPois rC+ Dex-4}
 40744 | WizLab   | Identified the +2 cloak of Adurota {rPois rN+ Str+3}
 40758 | WizLab   | Identified the +0 cloak "Riwetiar" {rElec}
 40928 | WizLab   | Acquired 731 gold pieces
 40950 | WizLab   | Found a transporter.
 40950 | WizLab   | Found a transporter.
 40975 | WizLab   | Found a transporter.
 40983 | WizLab   | Found a corrupted altar of Lugonu.
 41039 | WizLab   | Found a transporter.
 41039 | WizLab   | Found a transporter.
 41560 | Vaults:2 | Reached XP level 21. HP: 207/207 MP: 28/28
 41598 | Vaults:2 | Paralysed by a formless jellyfish for 1 turns
 41599 | Vaults:2 | Received a gift from Okawaru
 42159 | Vaults:2 | Found a staircase to the Crypt.
 42228 | Vaults:3 | Found a flickering gateway to a bazaar.
 42243 | Bazaar   | Entered a bazaar
 42248 | Bazaar   | Found Diajat's Jewellery Shoppe.
 42249 | Bazaar   | Found Ryaruoch's Jewellery Emporium.
 42276 | Bazaar   | Found Xucicis's Jewellery Shop.
 42276 | Bazaar   | Found Vir Moso's Assorted Antiques.
 42298 | Bazaar   | Found Wosch's Magic Scroll Emporium.
 42321 | Bazaar   | Found Feosopsi's Magic Scroll Shoppe.
 42380 | Bazaar   | Bought an amulet of regeneration for 300 gold pieces
 42582 | Vaults:3 | Paralysed by a sphinx for 4 turns
 42590 | Vaults:3 | Received a gift from Okawaru
 43084 | Vaults:3 | Noticed Heidiaz's ghost (adept MfBe)
 43098 | Vaults:3 | Noticed Fieg's ghost (veteran HuWn)
 43105 | Vaults:3 | Found a transporter.
 43124 | Vaults:3 | Found a transporter.
 43695 | Vaults:3 | Received a gift from Okawaru
 43998 | Vaults:4 | Found the +8 longbow "Zephyr" {speed, Dex+3 SInv}
 44058 | Vaults:4 | Noticed a golden dragon
 44066 | Vaults:4 | Killed a golden dragon
 44145 | Vaults:4 | Identified the +6 dagger "Beetle's Funeral" {speed, rF+
                  | Will+ Stlth+}
 44437 | Vaults:4 | Received a gift from Okawaru
 45152 | Vaults:5 | Identified the "Xelamagg"
 45152 | Vaults:5 | Identified the "Atalucs"
 45152 | Vaults:5 | Identified the "Yxzet"
 45152 | Depths:1 | Identified the of Sibloish
 45152 | Depths:1 | Entered Level 1 of the Depths
 45164 | Depths:1 | Found the crystal ball of Wucad Mu {*channel}
 45182 | Depths:1 | Reached XP level 22. HP: 202/222 MP: 29/29
 45482 | Depths:1 | Found a gateway to Hell.
 45487 | Depths:1 | Found a portal to a secret trove of treasure.
 45520 | Depths:1 | Found a stormy altar of Qazlal.
 45545 | Depths:1 | Received a gift from Okawaru
 45599 | Depths:1 | Found Taucw's Armour Boutique.
 45760 | Depths:1 | Identified the +4 mace "Yqioli" {flame, Drain rPois rC++
                  | SInv}
 45820 | Depths:1 | Found a one-way gate to the infinite horrors of the Abyss.
 46060 | Depths:2 | Identified the +8 mace "Runoitar" {protect, Drain Str+2
                  | Int+2}
 46237 | Depths:2 | Found a one-way gate leading to the halls of Pandemonium.
 46533 | Depths:2 | Found a runed translucent door.
 46534 | Depths:2 | Found a runed translucent door.
 46773 | Depths:2 | Received a gift from Okawaru
 46940 | Depths:2 | Found a runed translucent door.
 46941 | Depths:2 | Found a runed translucent door.
 46942 | Depths:2 | Found a runed translucent door.
 46962 | Depths:2 | Paralysed by a vampire knight for 2 turns
 47000 | Depths:2 | Received a gift from Okawaru
 47011 | Depths:2 | Identified the granite talisman "Yviloan" {Will+}
 47016 | Depths:2 | Identified the +5 quick blade "Pendulum" {flame, rCorr
                  | Int+2}
 47207 | Depths:3 | Noticed the Enchantress
 47219 | Depths:3 | Killed the Enchantress
 47358 | Depths:3 | Reached skill level 15 in Throwing
 47370 | Depths:3 | Received a gift from Okawaru
 47457 | Depths:3 | Reached XP level 23. HP: 229/229 MP: 30/30
 47478 | Depths:3 | Noticed Jory
 47488 | Depths:3 | Killed Jory
 47509 | Depths:4 | Entered Level 4 of the Depths
 47614 | Depths:4 | Found Nadoucs's Distillery.
 47744 | Depths:4 | Reached skill level 10 in Evocations
 47942 | Depths:4 | Noticed Boris
 47950 | Depths:4 | Killed Boris
 47950 | Depths:4 | Received a gift from Okawaru
 47990 | Depths:4 | Found Xokkaze's Magic Scroll Boutique.
 48012 | Depths:4 | Noticed Grunn
 48052 | Depths:4 | Killed Grunn
 48209 | Depths:4 | Found a one-way gateway to a ziggurat.
 48255 | Depths:4 | Found a gate to the Realm of Zot.
 48269 | Depths:4 | Noticed Vv
 48498 | Depths:4 | Killed Vv
 48732 | Depths:4 | Found a gateway to a bazaar.
 48923 | Bazaar   | Entered a bazaar
 48923 | Bazaar   | Found Qocsuecw's Antique Weapon Shop.
 48923 | Bazaar   | Found Akiteir's Antique Weapon Shop.
 48923 | Bazaar   | Found Poodet's Weapon Boutique.
 48986 | Elf:1    | Identified the "Ahaoz"
 48986 | Elf:3    | Identified the "Sipla"
 48986 | Elf:3    | Identified the of Efiut
 48986 | Elf:3    | Identified the "Dywat"
 48986 | Elf:3    | Identified the "Fefistil"
 48986 | Zot:1    | Entered Level 1 of the Realm of Zot
 49257 | Zot:1    | Received a gift from Okawaru
 49599 | Zot:1    | Noticed a golden dragon
 49604 | Zot:1    | Killed a golden dragon
 50028 | Zot:2    | Noticed a golden dragon
 50033 | Zot:2    | Killed a golden dragon
 50036 | Zot:2    | Noticed an orb of fire
 50037 | Zot:2    | Gained mutation: You are frail. (-10% HP) [an orb of fire]
 50047 | Zot:2    | Killed an orb of fire
 50136 | Zot:2    | Noticed a golden dragon
 50142 | Zot:2    | Killed a golden dragon
 50161 | Zot:2    | Reached XP level 24. HP: 181/214 MP: 30/30
 50344 | Zot:1    | Lost mutation: You are frail. (-10% HP) [potion of
                  | mutation]
 50344 | Zot:1    | Lost mutation: Your spells are a little easier to cast, but
                  | a little less powerful. [potion of mutation]
 50344 | Zot:1    | Lost mutation: Your magical capacity is low. (-10% MP)
                  | [potion of mutation]
 50344 | Zot:1    | Gained mutation: You expend magic power (3 MP) to
                  | strengthen your wands. [potion of mutation]
 50857 | Zot:3    | Identified the "Roasep"
 50879 | Zot:3    | Found a huge runed gate.
 50879 | Zot:3    | Found a huge runed gate.
 50879 | Zot:3    | Found a huge runed gate.
 50953 | Zot:3    | Received a gift from Okawaru
 50970 | Arena    | Entered the Arena
 51112 | Zot:3    | Found a huge runed gate.
 51113 | Zot:3    | Found a huge runed gate.
 51113 | Zot:3    | Found a huge runed gate.
 51113 | Zot:3    | Found a huge runed gate.
 51113 | Zot:3    | Found a huge runed gate.
 51113 | Zot:3    | Found a huge runed gate.
 51114 | Zot:3    | Found a huge runed gate.
 51114 | Zot:3    | Found a huge runed gate.
 51117 | Zot:3    | Found a huge runed gate.
 51117 | Zot:3    | Found a huge runed gate.
 51119 | Zot:3    | Found a huge runed gate.
 51120 | Zot:3    | Found a huge runed gate.
 51130 | Zot:3    | Found a huge runed gate.
 51131 | Zot:3    | Found a huge runed gate.
 51139 | Zot:3    | Found a huge runed gate.
 51139 | Zot:3    | Found a huge runed gate.
 51139 | Zot:3    | Found a huge runed gate.
 51139 | Zot:3    | Found a huge runed gate.
 51139 | Zot:3    | Found a huge runed gate.
 51147 | Zot:3    | Found a huge runed gate.
 51147 | Zot:3    | Found a huge runed gate.
 51147 | Zot:3    | Found a huge runed gate.
 51147 | Zot:3    | Found a huge runed gate.
 51147 | Zot:3    | Found a huge runed gate.
 51147 | Zot:3    | Found a huge runed gate.
 51148 | Zot:3    | Found a huge runed gate.
 51152 | Zot:3    | Found a huge runed gate.
 51152 | Zot:3    | Found a huge runed gate.
 51773 | Zot:3    | Found a huge runed gate.
 51774 | Zot:3    | Found a huge runed gate.
 51775 | Zot:3    | Found a huge runed gate.
 51776 | Zot:3    | Found a huge runed gate.
 51777 | Zot:3    | Found a huge runed gate.
 51872 | Zot:3    | Found a shimmering blue altar of Sif Muna.
 52294 | D:14     | Bought the +9 scales of the Dragon King {rPois rF+ rC+
                  | Will+} for 3244 gold pieces
 52294 | D:14     | Found the +9 scales of the Dragon King {rPois rF+ rC+
                  | Will+}
 52689 | Depths:4 | Bought a scroll of blinking for 97 gold pieces
 52782 | Zot:4    | Identified the "Qahuikas"
 53193 | Zot:4    | Received a gift from Okawaru
 53453 | Zot:4    | Found a runed translucent door.
 53454 | Zot:4    | Noticed jt's ghost (legendary NaCj)
 53938 | Zot:5    | Entered Level 5 of the Realm of Zot
 54066 | Zot:5    | Identified the +2 hand axe of a ziggurat {speed, rElec rC++
                  | Will+ Stlth-}
 54073 | Zot:5    | Noticed an ancient lich
 54079 | Zot:5    | Noticed a dread lich
 54085 | Zot:5    | Killed an ancient lich
 54096 | Zot:5    | Killed a dread lich
 54096 | Zot:5    | Received a gift from Okawaru
 54102 | Zot:5    | Reached skill level 25 in Axes
 54121 | Zot:5    | Noticed an orb of fire
 54126 | Zot:5    | Noticed a dread lich
 54127 | Zot:5    | Gained mutation: Your body sometimes deteriorates upon
                  | taking damage. [an orb of fire]
 54130 | Zot:5    | Killed a dread lich
 54131 | Zot:5    | Reached XP level 25. HP: 143/245 MP: 30/33
 54137 | Zot:5    | Gained mutation: You are clumsy. (Dex -2) [an orb of fire]
 54137 | Zot:5    | Noticed a Killer Klown
 54139 | Zot:5    | Noticed an orb of fire
 54141 | Zot:5    | Noticed an ancient lich
 54143 | Zot:5    | Killed an orb of fire
 54148 | Arena    | Entered the Arena
 54176 | Zot:5    | Killed an orb of fire
 54181 | Zot:5    | Killed a Killer Klown
 54182 | Zot:5    | Killed an ancient lich
 54183 | Zot:5    | Reached skill level 26 in Axes
 54380 | Zot:5    | Noticed an orb of fire
 54380 | Zot:5    | Noticed a Killer Klown
 54386 | Zot:5    | Killed an orb of fire
 54395 | Zot:5    | Killed a Killer Klown
 54396 | Zot:5    | Reached skill level 27 in Axes
 54494 | Zot:5    | Received a gift from Okawaru
 54498 | Zot:5    | Noticed a Killer Klown
 54535 | Zot:5    | Noticed an ancient lich
 54541 | Zot:5    | Noticed a dread lich
 54546 | Zot:5    | Killed an ancient lich
 54549 | Zot:5    | Killed a Killer Klown
 54554 | Zot:5    | Killed a dread lich
 54555 | Arena    | Entered the Arena
 54681 | Zot:5    | Noticed a dread lich
 54695 | Zot:5    | Killed a dread lich
 54704 | Zot:5    | Noticed a Killer Klown
 54710 | Zot:5    | Killed a Killer Klown
 54726 | Zot:5    | Noticed a dread lich
 54734 | Zot:5    | Paralysed by a dread lich for 2 turns
 54737 | Zot:5    | Killed a dread lich
 55191 | Zot:5    | Got the Orb of Zot
 55477 | Depths:3 | Noticed Uhilot the pandemonium lord
 55477 | Depths:3 | Noticed an ancient lich
 55480 | Depths:3 | Killed an ancient lich
 55491 | Depths:3 | Killed Uhilot the pandemonium lord
 55527 | Depths:3 | Noticed Qeuchi the pandemonium lord
 55537 | Depths:3 | Killed Qeuchi the pandemonium lord
 55537 | Depths:3 | Received a gift from Okawaru
 55764 | D:7      | Noticed Piepot the pandemonium lord
 55774 | D:7      | Killed Piepot the pandemonium lord
 55810 | D:6      | Noticed Unamuon the pandemonium lord
 55821 | D:6      | Killed Unamuon the pandemonium lord
 55822 | D:6      | Reached XP level 26. HP: 217/247 MP: 33/33
 55839 | D:6      | Noticed Vuth the pandemonium lord
 55846 | D:6      | Killed Vuth the pandemonium lord
 55849 | D:6      | Noticed an ancient lich
 55856 | D:6      | Noticed Xegusiche the pandemonium lord
 55954 | D:1      | Lost mutation: Your body sometimes deteriorates upon taking
                  | damage. [potion of mutation]
 55954 | D:1      | Lost mutation: You are dopey. (Int -2) [potion of mutation]
 55954 | D:1      | Lost mutation: Your muscles are strong. (Str +4, Int/Dex
                  | -1) [potion of mutation]
 55954 | D:1      | Gained mutation: You are strong-willed. (Will+) [potion of
                  | mutation]
 55954 | D:1      | Gained mutation: You possess an exceptional clarity of
                  | mind. [potion of mutation]
 55954 | D:1      | Gained mutation: You occasionally lose the ability to drink
                  | potions when taking damage. [potion of mutation]
 55955 | D:1      | Lost mutation: You possess an exceptional clarity of mind.
                  | [potion of mutation]
 55955 | D:1      | Lost mutation: You occasionally lose the ability to drink
                  | potions when taking damage. [potion of mutation]
 55955 | D:1      | Lost mutation: You expend magic power (3 MP) to strengthen
                  | your wands. [potion of mutation]
 55955 | D:1      | Gained mutation: You are robust. (+10% HP) [potion of
                  | mutation]
 55955 | D:1      | Gained mutation: You are highly strong-willed. (Will++)
                  | [potion of mutation]
 55957 | D:1      | gg
 55958 | D:$      | Escaped with the Orb!

Illustrated notes

#.###### ####.##### #.
#.....#########.....# #.
###...##.....##.###.# #.
#.≈.##.....##.#.#.# #.
#.≈.##.....##.....######.
#.≈..'.....##..........#.
#.≈.##.....##..#######.#.
#...##.....##...#....#.#.
#...##..@..##............
#.8.##..)..###.##......#.
#...######## #.........#.
##### #####>#.....
###..#.. #.....
########.##..
#............
#........##..


Turn 55957 on D:1: gg

Levels and vault maps discovered:
D:1:      dpeg_arrival_rooms_c, layout_basic
D:2:      minmay_spotlight, layout_rooms
D:3:      layout_basic
D:4:      layout_rooms, mainiacjoe_overflow_boulevard, lemuel_crystal_altar
D:5:      kennysheep_six_static_rooms, layout_basic, serial_shops,
          nicolae_stop_n_shop_1, uniq_duvessa
D:6:      layout_rooms, lemuel_round_altar, chequers_serial_rivers_micro_d,
          minmay_manual_mares, uniq_edmund, uniq_maggie, uniq_crazy_yiuf_cottage
D:7:      layout_basic, mainiacjoe_overflow_tiny_flanked, zin_treasury,
          nicolae_overflow_two_pavilions, minmay_temple_entry_nine_rooms,
          mainiacjoe_ossuary_entry_find_the_door, uniq_menkaure, uniq_jeremiah
D:8:      layout_basic, hellmonk_lair_entry_icy, serial_shops, shop,
          serial_rivers, chequers_serial_rivers_room_b,
          chequers_serial_rivers_micro_b, chequers_serial_rivers_micro_b,
          chequers_serial_rivers_marsh, chequers_serial_rivers_large_a,
          nrook_mini_vaults, minmay_misc_feat_cross, uniq_erica
D:9:      layout_loops_ring, nemelex_diamond_rough_becter
D:10:     layout_irregular_city, mainiacjoe_overflow_cross_hatched,
          small_statue_alley_b, abandoned_shop, uniq_joseph
D:11:     kennysheep_seaside_town, layout_loops_ring
D:12:     layout_rooms, orc_0_dummy, uniq_frances, uniq_psyche
D:13:     layout_basic
D:14:     layout_loops_corners, hellmonk_vaults_order_and_chaos, serial_shops,
          shop_fountains, nicolae_shop_peninsula, shop, nicolae_shop_drivethru,
          nicolae_shop_real_fake_doors, corexii_hall_statues_x, minivault_26
D:15:     gammafunk_enter_depths_forms, layout_loops_ring,
          gauntlet_entry_generic
Temple:   nicolae_temple_ecumenical_triangle
Lair:1:   layout_roguey, grunt_megastairs_4, uniq_fannar, uniq_nergalle
Lair:2:   layout_cave_shapes, gammafunk_ghost_hive
Lair:3:   layout_cellular_growth, elwin_shoals_entry_rooms,
          hellmonk_spider_entry_not_the_bees
Lair:4:   layout_regular_city, nicolae_slime_entry_slimehenge,
          portal_ice_cave_demonic_guard, nicolae_volcano_entry_two_sided,
          uniq_nessos
Lair:5:   hangedman_lair_caniforms_friends, layout_regular_city, wormcave,
          chequers_serial_rivers_room_a, lemuel_fruit_tree, lemuel_fruit_fields,
          uniq_kirke
Shoals:1: layout_shoals
Shoals:2: layout_shoals, nicolae_shoals_water_shrine, uniq_ilsuiw, uniq_nikola
Shoals:3: layout_shoals, serial_shops, shop, st_shoals_ruin
Shoals:4: shoals_end_hellmonk_lost_city
Spider:1: layout_spider_delve, nicolae_spider_nooks_and_crannies,
          hangedman_spider_tarantella_strand, uniq_donald
Spider:2: spiders_nest_a
Spider:3: layout_spider_delve, uniq_azrael, uniq_arachne
Spider:4: grunt_spider_rune_circles
Orc:1:    dreamdust_wu_jian_sword_trials, layout_diamond_mine, serial_shops,
          nicolae_shop_behind_doors
Orc:2:    grunt_orc_gardens, layout_caves, grunt_orc_garden, grunt_orc_garden,
          grunt_orc_garden, grunt_orc_garden
Vaults:1: hangedman_vaults_restitches, nicolae_vaults_specimen_jars,
          v_pattern_5, nicolae_vaults_variable_pillar_hall, v_misc_13,
          v_rooms_6, nicolae_vaults_cochlea, nicolae_vaults_surprise_closet,
          nicolae_vaults_tetromino_Z_1, nicolae_vaults_little_squares_3,
          ontoclasm_vaults_loading_screen, layout_vaults_quadrants,
          serial_shops, shop, uniq_saint_roka
Vaults:2: mu_enter_wizlab_3, nicolae_vaults_what_the_h,
          nicolae_vaults_off_center_swirl, nicolae_vaults_stepped_doors,
          v_misc_26, minmay_crypt_entry_simple_statues, hangedman_vaults_pinch,
          ontoclasm_vaults_gateway, nicolae_vaults_little_ls,
          ontoclasm_vaults_ring_small, nicolae_vaults_sightless_eye,
          nicolae_vaults_tetromino_L_1, v_misc_2, grunt_vaults_diagonal,
          layout_vaults_big_room, uniq_zenata, uniq_xtahua
Vaults:3: nzn_ghost_randoct, st_cross, hangedman_vaults_cutoff,
          nicolae_vaults_offset_grid_hallway_2,
          nicolae_vaults_trapezoid_layered, vaults_room_boxed,
          vaults_dpeg_diagonal, v_misc_9, nicolae_vaults_tetromino_Z_1,
          vaults_room_hallway, nicolae_vaults_big_angled_halls,
          nicolae_vaults_alarming, ontoclasm_vaults_twist,
          layout_vaults_omnibox, serial_shops, bzr_entry_safe
Vaults:4: nicolae_vaults_shrinking_rooms_1, vaults_room_grid, v_rooms_2,
          v_misc_8, nicolae_vaults_prndl, dpeg_vaults_monster_box,
          nicolae_vaults_shipping_containers_2,
          nicolae_vaults_variable_pillar_hall, nicolae_vaults_trapezoid_layered,
          nicolae_vaults_mini_display_case, layout_vaults_ring
Depths:1: layout_cave_pools, serial_sigils, serial_sigils_hangedman_shear,
          serial_sigils_hangedman_writhe, serial_sigils_hangedman_scratch,
          serial_sigils_hangedman_stare, serial_sigils_hangedman_etch,
          nicolae_trove_entry_columns, hell_entry, serial_shops, shop,
          minmay_room_of_horrors, nicolae_qazlal_scattered_showers
Depths:2: minmay_the_grid_triangle_9x9_rhombus_full
          [minmay_the_grid_triangle_9x9_odd_lines,
          minmay_the_grid_triangle_9x9_descending_squares,
          minmay_the_grid_triangle_9x9_intruding_spiral,
          minmay_the_grid_triangle_9x9_tough_junction,
          minmay_the_grid_triangle_9x9_thin_v,
          minmay_the_grid_triangle_9x9_fully_insulated_deathbox,
          minmay_the_grid_triangle_9x9_cache,
          minmay_the_grid_triangle_9x9_prize_center], layout_cave_shapes,
          grunt_hell_entry_dis_mu, rand_demon_pan_entry_1, abyss_entry,
          minmay_misc_feat_nine_boxes
Depths:3: hangedman_slaughterboxes, hell_entry, abyss_entry, uniq_margery,
          uniq_enchantress, uniq_jory
Depths:4: grunt_zot_entry_pinwheel, layout_cave_pools, enter_ziggurat_c,
          hell_entry, serial_shops, statue_bzr, nicolae_shop_stone, shop,
          nicolae_figureground_sparkle, uniq_grunn, uniq_boris, uniq_vv
Zot:1:    layout_basic
Zot:2:    layout_misc_corridors
Zot:3:    layout_onion, gammafunk_ghost_door_vault,
          regret_index_zotdec_magical_s
Zot:4:    layout_cathedral_of_symmetry, regret_index_zotdec_banners,
          gammafunk_ghost_grave, skrybe_zot_glass_1
Zot:5:    layout_gridlike

Skill      XL: |  1  2  3  4  5  6  7  8  9 10 11 12 13 14 15 16 17 18 19 20 21 22 23 24 25 |
---------------+----------------------------------------------------------------------------+-----
Fighting       | 2 3 4 5 6 8 9 10 12 14 16 18 20 22 24 | 24.0
Ranged Weapons | 2 4 |  4.0
Axes           | 2 6 8 10 14 16 20 22 24 25 27 | 27.0
Armour         | 2 4 6 10 11 12 13 14 16 18 20 22 | 22.0
Dodging        | 3 4 6 8 |  8.0
Invocations    | 10 11 13 14 | 14.2
Throwing       | 5 10 11 12 14 15 17 20 22 | 22.0
Evocations     | 5 7 9 10 | 10.0
Spellcasting   | |  1.0
Hexes          | |  3.6
Fire Magic     | |  1.1

Action                     |  1- 3 |  4- 6 |  7- 9 | 10-12 | 13-15 | 16-18 | 19-21 | 22-24 | 25-27 || total
---------------------------+-------+-------+-------+-------+-------+-------+-------+-------+-------++-------
  Melee: War axe           |       |       |   172 |   499 |  1127 |       |       |       |       ||  1798
         Punch             |       |       |     7 |     6 |    35 |       |       |       |       ||    48
         Executioner's axe |       |       |       |       |    63 |   853 |   844 |   829 |   212 ||  2801
   Fire: Sling             |   112 |   153 |   147 |       |       |       |       |       |       ||   412
  Throw: Dart              |       |       |       |     1 |       |       |       |       |       ||     1
         Javelin           |       |       |       |       |    13 |    33 |    26 |    57 |    67 ||   196
         Throwing net      |       |       |       |       |       |       |       |       |     2 ||     2
   Cast: Jinxbite          |       |    10 |    12 |       |       |       |       |       |       ||    22
 Invoke: Heroism           |       |       |       |     2 |     9 |     6 |     8 |    16 |     7 ||    48
         Finesse           |       |       |       |     1 |     2 |     2 |     1 |     7 |     3 ||    16
         Receive Armour    |       |       |       |       |     1 |       |       |       |       ||     1
         Receive Weapon    |       |       |       |       |     1 |       |       |       |       ||     1
         Duel              |       |       |       |       |       |       |       |     1 |     2 ||     3
  Evoke: Wand              |       |       |       |     7 |     8 |       |     2 |     3 |     1 ||    21
         Phial of floods   |       |       |       |       |       |     3 |     1 |       |       ||     4
    Use: Scroll            |     1 |     4 |     8 |     7 |    15 |     6 |     7 |     5 |     4 ||    57
         Potion            |       |     2 |     5 |     4 |       |    20 |     6 |     9 |    19 ||    65
   Stab: Distracted        |       |       |     1 |     1 |     2 |       |       |       |       ||     4
         Sleeping          |       |       |     1 |     4 |     3 |       |       |       |       ||     8
         Paralysed         |       |       |       |       |     2 |       |       |     1 |       ||     3
         Invisible         |       |       |       |       |       |     2 |       |       |       ||     2
         Held in net/web   |       |       |       |       |       |     1 |       |       |     2 ||     3
 Armour: Robe              |    10 |    78 |    77 |       |       |       |       |       |       ||   165
         Skin              |       |       |    11 |       |       |       |       |       |       ||    11
         Chain mail        |       |       |    10 |       |     4 |       |       |       |       ||    14
         Acid dragon scale |       |       |    67 |   108 |       |       |       |       |       ||   175
         Ring mail         |       |       |       |   138 |   501 |       |       |       |       ||   639
         Plate armour      |       |       |       |       |    59 |   875 |   857 |       |       ||  1791
         Gold dragon scale |       |       |       |       |       |       |    39 |  1261 |   254 ||  1554
  Dodge: Dodged            |    15 |    94 |   331 |   342 |  1036 |  1028 |   888 |   674 |   113 ||  4521

Table legend: (Time is in decaauts)
 A = Elapsed time spent in this place.
 B = Non-inter-level travel time spent in this place.
 C = Inter-level travel time spent in this place.
 D = Time resting spent in this place.
 E = Time spent auto-exploring this place.
 F = Levels seen in this place.
 G = Mean time per level.
                   A        B        C        D        E       F      G
               +--------+--------+--------+--------+--------+-----+--------+
         Total |  55857 |  51897 |   3960 |  15307 |  22708 |  55 | 1015.6 |
       Dungeon |  16289 |  14686 |   1603 |   3855 |   7258 |  15 | 1085.9 |
        Temple |     26 |      2 |     24 |      0 |      0 |   1 |   26.0 |
          Lair |   6723 |   6389 |    334 |   2121 |   2717 |   5 | 1344.6 |
        Shoals |   5796 |   5618 |    178 |   2342 |   1976 |   4 | 1449.0 |
   Spider Nest |   6662 |   6473 |    189 |   2574 |   2446 |   4 | 1665.5 |
  Orcish Mines |   1898 |   1724 |    174 |    471 |    799 |   2 |  949.0 |
        Vaults |   5241 |   4982 |    259 |    916 |   2927 |   4 | 1310.2 |
        Depths |   4509 |   3648 |    861 |    791 |   1703 |   4 | 1127.2 |
           Zot |   5574 |   5241 |    333 |   1282 |   2235 |   5 | 1114.8 |
         Abyss |    283 |    283 |      0 |     85 |      0 |   1 |  283.0 |
        Bazaar |    172 |    172 |      0 |      0 |     56 |   2 |   86.0 |
       Ossuary |    129 |    129 |      0 |      0 |     66 |   1 |  129.0 |
      Ice Cave |    279 |    279 |      0 |      0 |     53 |   1 |  279.0 |
       Volcano |    364 |    364 |      0 |    163 |      0 |   1 |  364.0 |
        Wizlab |   1287 |   1287 |      0 |    470 |    339 |   1 | 1287.0 |
      Gauntlet |    561 |    561 |      0 |    234 |    131 |   1 |  561.0 |
         Arena |     56 |     56 |      0 |      0 |      0 |   3 |   18.7 |
               +--------+--------+--------+--------+--------+-----+--------+

Top non-repeatable levels by time:
  Lair:5: 2322 daAuts
    D:14: 1977 daAuts
Shoals:3: 1936 daAuts
Spider:1: 1778 daAuts
Spider:4: 1722 daAuts
  Lair:3: 1692 daAuts
Spider:3: 1666 daAuts
Shoals:2: 1543 daAuts
     D:7: 1533 daAuts
     D:5: 1494 daAuts
Spider:2: 1494 daAuts
Vaults:3: 1473 daAuts
Depths:4: 1423 daAuts
Depths:2: 1419 daAuts
    D:15: 1411 daAuts
